 Dungeon Crawl Stone Soup version 0.30-a0-696-g2367cd04db (webtiles) character file.

Game seed: 16871314201956602783

4200 warriortoast the Protected (level 10, 0/83 HPs)
             Began as a Barachi Fighter on Jan 20, 2023.
             Slain by an orc warlord
             ... wielding a +5 broad axe
              (26 damage)
             ... in a bailey.
             The game lasted 00:19:50 (6066 turns).

warriortoast the Protected (Barachi Fighter)        Turns: 6066, Time: 00:19:51

Health: 0/83       AC: 16    Str: 18    XL:     10   Next: 29%
Magic:  10/10      EV:  9    Int: 12    God:
Gold:   397        SH:  6    Dex: 16    Spells: 9/9 levels left

rFire   . . .      SeeInvis .    D - +4 long sword of Purpose {venom, *Corrode rN+ Dex+4}
rCold   . . .      Faith    .    c - +0 buckler
rNeg    + . .      Spirit   .    b - +0 scale mail
rPois   +          Reflect  .    s - +0 helmet
rElec   .          Harm     .    f - +1 cloak {rPois}
rCorr   .          Rampage  .    (no gloves)
Will    .....                    (no boots) Stlth
                                 (no amulet)
HPRegen 0.33/turn                A - +4 ring of protection
MPRegen 0.12/turn                t - +4 ring of slaying

@: mighty, slow
A: amphibious, slowness 1, strong legs 1, +LOS
a: Hop


You were in a bailey.
You visited 2 branches of the dungeon, and saw 8 of its levels.
You also visited: Bailey.

You collected 397 gold pieces.

Inventory:

Hand Weapons
 a - a +0 long sword
 B - a +3 falchion
 D - the +4 long sword of Purpose (weapon) {venom, *Corrode rN+ Dex+4}
   (You found it on level 6 of the Dungeon)

   Dex:       It affects your dexterity (+4).
   rN:        It protects you from negative energy.
   *Corrode:  It may corrode you when you take damage.
Missiles
 e - a boomerang (quivered)
 n - 4 javelins
Armour
 b - a +0 scale mail (worn)
 c - a +0 buckler (worn)
 f - a +1 cloak of poison resistance (worn)
 k - a +0 plate armour
 s - a +0 helmet (worn)
Jewellery
 h - a ring of resist corrosion
 t - a +4 ring of slaying (right hand)
 A - a +4 ring of protection (left hand)
Wands
 H - a wand of digging (4)
Scrolls
 m - a scroll of fog
 p - a scroll of teleportation
 v - a scroll of blinking {unknown}
Potions
 i - 2 potions of heal wounds
 j - 3 potions of degeneration
 o - 2 potions of mutation
 q - 5 potions of curing
 x - a potion of lignification {unknown}
 C - a potion of resistance {unknown}
 F - a potion of invisibility {unknown}


   Skills:
 + Level 9.5 Fighting
 + Level 9.1 Long Blades
 + Level 9.5 Armour
 + Level 8.7 Shields


You had 9 spell levels left.
You didn't know any spells.
Your spell library contained the following spells:

 Spells                   Type           Power      Damage    Failure   Level
 Apportation              Tloc           0%         N/A       71%         1
 Necrotise                Necr           0%         1d4       71%         1
 Slow                     Hex            0%         N/A       71%         1
 Sting                    Tmut/Pois      0%         1d3       71%         1
 Summon Small Mammal      Summ           0%         N/A       71%         1
 Blink                    Tloc           0%         N/A       85%         2
 Cigotuvi's Dreadful Rot  Necr/Pois/Air  0%         N/A       85%         2
 Ensorcelled Hibernation  Hex/Ice        0%         N/A       85%         2
 Lesser Beckoning         Tloc           0%         N/A       85%         2
 Momentum Strike          Conj/Tloc      0%         3d8       85%         2
 Passwall                 Tmut/Erth      0%         N/A       85%         2
 Poisonous Vapours        Pois/Air       0%         N/A       85%         2
 Mephitic Cloud           Conj/Pois/Air  0%         N/A       97%         3
 Ozocubu's Armour         Ice            0%         N/A       97%         3
 Portal Projectile        Hex/Tloc       0%         N/A       97%         3
 Swiftness                Air            0%         N/A       97%         3
 Dispel Undead            Necr           0%         3d6       100%        4
 Manifold Assault         Tloc           0%         N/A       100%        4
 Olgreb's Toxic Radiance  Pois           0%         N/A       100%        4
 Metabolic Englaciation   Hex/Ice        0%         N/A       100%        5
 Death Channel            Necr           0%         N/A       100%        6
 Dispersal                Tloc           0%         N/A       100%        6
 Simulacrum               Ice/Necr       0%         N/A       100%        6
 Disjunction              Tloc           0%         N/A       100%        8
 Lehudib's Crystal Spear  Conj/Erth      0%         10d2      100%        8


Dungeon Overview and Level Annotations

Branches:
Dungeon (7/15)             Temple (1/1) D:6          Bailey (1/1)

Altars:
Ashenzari
Cheibriados
Dithmenos
Elyvilon
Fedhas
Gozag
Kikubaaqudgha
Makhleb
Nemelex Xobeh
Qazlal
Sif Muna
Trog
Uskayaw
Vehumet
Wu Jian
Xom
Yredelemnul
Zin
The Shining One

Shops:
D:1 (   D:3 (

Annotations:
Bailey exclusion: door


Innate Abilities, Weirdness & Mutations

You are amphibious.
You cover ground slowly.
You can hop short distances.
You have an extended range of vision and can be seen from far away.


Message History

The orc warlord resists.
The orc warlord is lightly wounded.
The grasping roots constrict the orc warlord.
The roots release their grip on the orc warlord.
You throw an atropa-tipped dart.
The atropa-tipped dart hits the orc warlord.
The orc warlord resists.
The orc warlord is lightly wounded.
You feel very mighty all of a sudden.
You slash the orc warlord!
The orc warlord looks as sick as possible!
The orc warlord is lightly wounded.
The orc warlord hits you with a +5 broad axe!
You slash the orc warlord!
The orc warlord is moderately wounded.
The orc warlord hits you with a +5 broad axe!
You barely miss the orc warlord.
The orc warlord is moderately wounded.
The orc warlord suddenly cheers.
The orc warlord hits you with a +5 broad axe!!
You slash the orc warlord!
The orc warlord looks as sick as possible!
The orc warlord is moderately wounded.
The orc warlord hits you with a +5 broad axe!
You slash the orc warlord!
The orc warlord is heavily wounded.
The orc warlord hits you with a +5 broad axe.
You slice the orc warlord!!
The orc warlord is severely wounded.
You block the orc warlord's attack.
You slash the orc warlord!
The orc warlord looks as sick as possible!
The orc warlord is severely wounded.
The orc warlord hits you with a +5 broad axe!
The hobgoblin shouts!
You slash the orc warlord!
The orc warlord looks as sick as possible!
The orc warlord is almost dead.
The orc warlord hits you with a +5 broad axe!!
You die...

##.........##.....##
.'......)..).......#
..##.......##)......##
.. #.......#..g......#
##.....##.).......##
#######.....).....#
##.....##..g)[....##
#.......#...).....#
##.....@.##.......##
#......o..#.......#
#.........##....)##
#.......)...####)##
##......(..##.....##
#......(..#..)....#
....
##..)..(.##.......##
.....
#.......#.........#
.....
###.g.###....g....##


You could see an orc warlord (extremely poisoned) and a hobgoblin.

Vanquished Creatures
  2 orc knights (Bailey)
  2 steam dragons
  An acid dragon (D:6)
  A water moccasin (D:5)
  An ice beast (D:6)
  3 sky beasts
  10 orc warriors (Bailey)
  A phantom (D:7)
  A necrophage (D:6)
  A bullfrog (D:7)
  5 scorpions
  3 wights (D:6)
  3 killer bees (D:7)
  A howler monkey (D:5)
  A hound (D:6)
  2 jellies
  A gnoll bouda (D:5)
  Crazy Yiuf (D:3)
  4 iguanas
  Natasha (D:4)
  6 orc wizards
  15 gnolls
  Robin (D:3)
  4 adders
  2 shadow imps
  An adder zombie (D:3)
  4 worms
  3 dart slugs
  28 orcs
  5 bats
  7 endoplasms
  4 giant cockroaches
  28 goblins
  11 hobgoblins
  4 jackals (D:5)
  4 quokkas
  7 ball pythons
  A ball python zombie (D:3)
  3 frilled lizards
  14 kobolds
  4 rats
201 creatures vanquished.

Notes
Turn   | Place    | Note
-------+----------+-------------------------------------------
     0 | D:1      | warriortoast the Barachi Fighter began the quest for the
                  | Orb.
     0 | D:1      | Reached XP level 1. HP: 18/18 MP: 1/1
    62 | D:1      | Reached XP level 2. HP: 25/25 MP: 2/2
   211 | D:1      | Reached XP level 3. HP: 30/30 MP: 3/3
   324 | D:1      | Found Xits's Antique Weapon Shoppe.
   402 | D:1      | Found a faded altar of an unknown god.
   632 | D:2      | Reached XP level 4. HP: 34/37 MP: 4/4
  1487 | D:3      | Noticed Robin
  1526 | D:3      | Killed Robin
  1602 | D:3      | Found a runed translucent door.
  1603 | D:3      | Noticed Crazy Yiuf
  1628 | D:3      | Found Koser's Antique Weapon Shop.
  1666 | D:3      | Reached XP level 5. HP: 43/43 MP: 5/5
  1909 | D:3      | Found a glowing silver altar of Zin.
  2141 | D:3      | Found a basalt altar of Yredelemnul.
  2238 | D:3      | Killed Crazy Yiuf
  2288 | D:4      | Noticed Natasha
  2289 | D:4      | Found a snail-covered altar of Cheibriados.
  2293 | D:4      | Killed Natasha
  2294 | D:4      | Reached skill level 5 in Armour
  2318 | D:4      | Reached XP level 6. HP: 49/50 MP: 6/6
  2342 | D:4      | Reached skill level 5 in Fighting
  2405 | D:4      | You fall into a shaft and drop 2 floors!
  2547 | D:6      | Found a staircase to the Ecumenical Temple.
  2549 | D:6      | Noticed an acid dragon
  2561 | D:6      | Killed an acid dragon
  2570 | Temple   | Entered the Ecumenical Temple
  2762 | D:6      | Reached skill level 5 in Shields
  2762 | D:6      | Reached XP level 7. HP: 50/56 MP: 7/7
  2787 | D:6      | Found a shimmering blue altar of Sif Muna.
  2889 | D:6      | Noticed a steam dragon
  2899 | D:6      | Killed a steam dragon
  2900 | D:6      | Reached skill level 5 in Long Blades
  3127 | D:6      | Identified the +4 long sword of Purpose {venom, *Corrode
                  | rN+ Dex+4}
  3355 | D:6      | Reached XP level 8. HP: 65/65 MP: 8/8
  3374 | D:5      | Entered Level 5 of the Dungeon
  3476 | D:5      | Found a stormy altar of Qazlal.
  3501 | D:5      | Found a radiant altar of Vehumet.
  3786 | D:5      | Found an ornate altar of the Wu Jian Council.
  3957 | D:5      | Found an opulent altar of Gozag.
  4603 | D:7      | Reached XP level 9. HP: 63/72 MP: 9/9
  4849 | D:7      | Found a flagged portal.
  4865 | Bailey   | Entered a bailey
  5260 | Bailey   | Noticed an orc knight
  5299 | Bailey   | Killed an orc knight
  5300 | Bailey   | Reached XP level 10. HP: 14/83 MP: 10/10
  5604 | Bailey   | Noticed an orc knight
  5609 | Bailey   | Noticed an orc warlord
  5674 | Bailey   | Killed an orc knight
  5681 | Bailey   | Identified a scroll of acquirement
  5681 | Bailey   | Acquired the +2 buckler of Ennui {rPois rN+ Dex+2 Slay+3}
  5690 | Bailey   | Got Xeas's Notes on the Captivating Geologist
  6066 | Bailey   | Slain by an orc warlord

Illustrated notes

Levels and vault maps discovered:
D:1:      dpeg_arrival_stone_temple_mockup, layout_rooms, serial_shops,
          nicolae_diamond_shop, hellmonk_ecumenical_altar_prayer_group
D:2:      layout_basic
D:3:      layout_loops_ring, lemuel_zombie_altar_yredelemnul,
          mainiacjoe_overflow_paths, serial_shops, shop,
          uniq_crazy_yiuf_cottage, uniq_robin
D:4:      layout_basic, mainiacjoe_overflow_catwalk,
          nicolae_overflow_crystal_walls, uniq_natasha
D:5:      layout_loops_ring, nicolae_wu_jian_wuxing_cycle,
          mainiacjoe_overflow_concentric_impassable,
          mainiacjoe_overflow_big_doors
D:6:      layout_loops_ring, mainiacjoe_overflow_six_doors_small,
          minmay_temple_entry_mini_moons, kennysheep_potato
D:7:      layout_loops_ring, enter_bailey_3
Temple:   minmay_temple_curvy_loop
Bailey:   bailey_axe_minmay_hex_keep, bailey

Skill      XL: |  1  2  3  4  5  6  7  8  9 10 |
---------------+-------------------------------+-----
Armour         | 4 5 6 7 9 |  9.5
Fighting       | 4 5 6 7 9 |  9.5
Long Blades    | 3 4 5 7 8 9 |  9.1
Shields        | 4 5 6 8 |  8.7

Action                   |  1- 3 |  4- 6 |  7- 9 | 10-12 || total
-------------------------+-------+-------+-------+-------++-------
Melee: Long sword        |   109 |   203 |   213 |    42 ||   567
       Falchion          |       |       |    16 |       ||    16
Throw: Dart              |       |     3 |    23 |     4 ||    30
       Boomerang         |       |     2 |    20 |    41 ||    63
       Javelin           |       |     1 |       |       ||     1
 Abil: Hop               |     1 |     1 |     4 |     1 ||     7
Evoke: Wand              |       |       |     5 |     2 ||     7
  Use: Potion            |       |     2 |     4 |     3 ||     9
       Scroll            |       |       |     7 |     7 ||    14
 Stab: Invisible         |       |       |     1 |       ||     1
Armor: Scale mail        |    61 |   104 |    76 |     8 ||   249
Dodge: Dodged            |    59 |    90 |    67 |     6 ||   222
Block: Buckler           |    23 |    44 |    64 |    10 ||   141

Table legend: (Time is in decaauts)
 A = Elapsed time spent in this place.
 B = Non-inter-level travel time spent in this place.
 C = Inter-level travel time spent in this place.
 D = Time resting spent in this place.
 E = Time spent auto-exploring this place.
 F = Levels seen in this place.
 G = Mean time per level.
                   A        B        C        D        E       F      G
               +--------+--------+--------+--------+--------+-----+--------+
         Total |   6896 |   6739 |    157 |   1085 |   3695 |   9 |  766.2 |
       Dungeon |   5450 |   5302 |    148 |    371 |   3393 |   7 |  778.6 |
        Temple |    194 |    186 |      8 |      0 |    179 |   1 |  194.0 |
        Bailey |   1251 |   1251 |      0 |    714 |    123 |   1 | 1251.0 |
               +--------+--------+--------+--------+--------+-----+--------+

Top non-repeatable levels by time:
     D:6: 1373 daAuts
  Bailey: 1251 daAuts
     D:3: 1038 daAuts
     D:2: 960 daAuts
     D:5: 887 daAuts
     D:1: 683 daAuts
     D:7: 348 daAuts
  Temple: 194 daAuts
     D:4: 158 daAuts
